 Dungeon Crawl Stone Soup version 0.26.0-16-gc1dbca0489 (webtiles) character file.

Game seed: 11174642440825226181

93 thiole the Sneak (level 4, 0/28 HPs)
             Began as an Octopode Hedge Wizard on Jan 19, 2021.
             Killed by divine providence
             ... invoked by an orc priest
              (12 damage)
             ... on level 3 of the Dungeon.
             The game lasted 00:02:36 (2980 turns).

thiole the Sneak (Octopode Hedge Wizard)            Turns: 2980, Time: 00:02:36

Health: 0/28       AC:  1    Str:  9    XL:     4   Next: 62%
Magic:  6/9        EV: 13    Int: 17    God:
Gold:   80         SH:  0    Dex: 11    Spells: 8/9 levels left

rFire    . . .     SeeInvis .   g - +1 dagger (drain)
rCold    . . .     Faith    .   (no shield)
rNeg     . . .     Spirit   .   b - +0 hat
rPois    .         Reflect  .   (no amulet)
rElec    .         Harm     .   (no ring)
rCorr    .         Rampage  .   (no ring)
Will     .....                  (no ring)
Stlth    +++.......             (no ring)
HPRegen  0.09/turn              (no ring)
MPRegen  0.11/turn              (no ring)
                                (no ring)
                                (no ring)

@: no status effects
A: almost no armour, stealthy swim, amphibious, 8 rings, constrict 8, camouflage
1, gelatinous body 1
a: no special abilities


You were on level 3 of the Dungeon.
You visited 1 branch of the dungeon, and saw 3 of its levels.

You collected 80 gold pieces.

Inventory:

Hand Weapons
 a - a +0 dagger
 g - a +1 dagger of draining (weapon)
Armour
 b - a +0 hat (worn)
Scrolls
 d - a scroll of fear {unknown}
 h - a scroll of enchant armour {unknown}
 i - 3 scrolls of identify {unknown}
Potions
 c - a potion of curing
 e - a potion of degeneration {unknown}
 f - a potion of invisibility {unknown}


   Skills:
 + Level 1.5 Fighting
 - Level 2.0 Dodging
 + Level 3.9 Stealth
 + Level 3.4 Spellcasting
 - Level 2.0 Conjurations
 - Level 2.0 Summonings
 - Level 1.0 Translocations


You had 8 spell levels left.
You knew the following spells:

 Your Spells              Type           Power        Failure   Level
a - Magic Dart            Conj           36%          8%          1

Your spell library contained the following spells:

 Spells                   Type           Power        Failure   Level
 Call Imp                 Summ           9%           11%         2
 Blink                    Tloc           N/A          17%         2
 Slow                     Hex            2%           26%         2
 Conjure Flame            Conj/Fire      6%           32%         3
 Mephitic Cloud           Conj/Pois/Air  5%           36%         3


Dungeon Overview and Level Annotations

Branches:
Dungeon (3/15)

Altars:
Okawaru


Innate Abilities, Weirdness & Mutations

You cannot wear most types of armour.
You are very stealthy in the water. (Stealth+)
You are amphibious.
You can wear up to eight rings at the same time.
You can use your tentacles to constrict eight enemies at once.
Your skin changes colour to match your surroundings (Stealth+).
Your rubbery body absorbs attacks. (AC +1, EV +1)


Message History

The orc priest hits you with a +0 mace.
You hit the orc priest but do no damage.
Your grab misses the orc priest.
The orc priest mumbles some strange prayers to Beogh against you.
You barely resist.
You hit the orc priest but do no damage.
You drain the orc priest. You grab the orc priest. You squeeze the orc priest!
The orc priest is almost dead.
You constrict the orc priest, but do no damage.
The orc priest barely misses you.
You hit the orc priest but do no damage.
The orc priest is almost dead.
You constrict the orc priest, but do no damage.
The orc priest looks braver for a moment.
You hit the orc priest but do no damage.
The orc priest is almost dead.
You constrict the orc priest, but do no damage.
The orc priest calls down the wrath of Beogh upon you.
Beogh smites you!
You die...

###.#
#.###.##.##.#
#.# #.#
#.##.##.#
#>###.#
#.......#
#.....#
####.####
####### #..#
##.# #.#
...#######.###
...........@.#
...###.#.###o#
#.#.# #.# #####
#'#
#.....[.......#
#...§§........#
#(....§...§...#
#...§≈§≈≈§§§..#
#...§§§≈§§....#


You could see an orc priest (drained).

Vanquished Creatures
  2 gnolls (D:2)
  2 adders (D:2)
  An ooze (D:1)
  A worm (D:2)
  2 dart slugs (D:1)
  A leopard gecko (D:1)
  An orc (D:2)
  4 giant cockroaches
  6 goblins
  5 hobgoblins (D:1)
  3 jackals (D:2)
  6 bats
  5 kobolds
  4 rats
43 creatures vanquished.

Notes
Turn   | Place    | Note
-------+----------+-------------------------------------------
     0 | D:1      | thiole the Octopode Hedge Wizard began the quest for the
                  | Orb.
     0 | D:1      | Reached XP level 1. HP: 11/11 MP: 4/4
   228 | D:1      | Reached XP level 2. HP: 9/17 MP: 1/6
  1152 | D:1      | Reached XP level 3. HP: 20/22 MP: 7/7
  1951 | D:2      | Reached skill level 1 in Fighting
  2426 | D:2      | Reached XP level 4. HP: 28/28 MP: 4/8
  2485 | D:2      | Found an iron altar of Okawaru.
  2715 | D:2      | Found a faded altar of an unknown god.
  2980 | D:3      | Killed from afar by an orc priest

Illustrated notes

Levels and vault maps discovered:
D:1:      dpeg_arrival_radiant, layout_basic, serial_glass, glass_columns_a,
          glass_columns_a, chequers_hall_statues_wall_a
D:2:      layout_loops_corners, chequers_ecumenical_altar_lobes,
          okawaru_altar_gauntlet_db
D:3:      layout_loops_cross, kennysheep_generic_room_16, uniq_sigmund

Skill      XL: |  1  2  3 |
---------------+----------+-----
Stealth        | 3 |  3.9
Conjurations   | 2 |  2.0
Summonings     | 2 |  2.0
Fighting       | 1 |  1.5
Dodging        | |  2.0
Spellcasting   | |  3.4
Translocations | |  1.0

Action                   |  1- 3 |  4- 6 || total
-------------------------+-------+-------++-------
Melee: Dagger            |    33 |    19 ||    52
       Constrict         |    11 |     6 ||    17
       Tentacles         |     6 |     1 ||     7
 Cast: Magic Dart        |    77 |    17 ||    94
  Use: Potion            |       |     1 ||     1
Armor: Skin              |     2 |     1 ||     3
Dodge: Dodged            |    22 |    13 ||    35
